 Dungeon Sprint DCSS version 0.16-b1 (webtiles) character file.

9700000 Medar the Intangible (level 27, 0/224 HPs)
             Began as a Halfling Gladiator on Mar 8, 2015.
             Was the Champion of Makhleb.
             Slain by The Servant
             ... wielding a +9 glaive of flaming
              (33 damage)
             ... in the Dungeon (Sprint VIII: "Arena of Blood").
             The game lasted 00:07:42 (97 turns).

Medar the Intangible (Halfling Gladiator)             Turns: 97, Time: 00:07:42

Health: 0/224      AC:  8    Str: 16    XL:     27
Magic:  33/49      EV: 42    Int:  7    God:    Makhleb [******]
Gold:   0          SH:  0    Dex: 27    Spells: 0 memorised, 80 levels left

rFire  . . .     SeeInvis .     l - +∞ Axe of Woe
rCold  . . .     Clarity  .     b - +0 leather armour
rNeg   . . .     SustAb   .     (no shield)
rPois  .         Gourm    .     c - +0 helmet
rElec  .         Spirit   .     (no cloak)
rCorr  .         Warding  .     (no gloves)
rMut   .         NoTele   +     (no boots)
MR     ++...                    (no amulet)
Stlth  ++++++++++               (no ring)
                                (no ring)

@: very resistant to hostile enchantments, uncannily stealthy
A: mutation resistance 1
a: Minor Destruction, Lesser Servant of Makhleb, Major Destruction, Greater
Servant of Makhleb, Renounce Religion


You were in the Dungeon.
You worshipped Makhleb.
Makhleb was exalted by your worship.
You were not hungry.

You visited 1 branch

Inventory:

Hand weapons
 a - a +0 war axe
 l - the +∞ Axe of Woe (weapon)
   (You found it in the Dungeon)
Missiles
 d - 3 throwing nets {=f =F}
Armour
 b - a +0 leather armour (worn)
 c - a +0 helmet (worn)
Jewellery
 m - a +30 ring of slaying
 n - a +30 ring of slaying
Scrolls
 k - a scroll of blinking
Potions
 e - a potion of curing {@q1}
 g - a potion of heal wounds
 h - a potion of haste
 i - 2 potions of magic
 j - a potion of berserk rage {!q}
Comestibles
 f - a bread ration


   Skills:
 O Level 27 Fighting
 O Level 27 Axes
 O Level 27 Throwing
 O Level 27 Armour
 O Level 27 Dodging
 O Level 27 Stealth
 O Level 27 Unarmed Combat
 O Level 27 Spellcasting
 O Level 27 Invocations


You had 80 spell levels left.
You didn't know any spells.

Dungeon Overview and Level Annotations

Branches:
Dungeon (1/1)

Altars:
Makhleb

Annotations:
D The Servant


Innate Abilities, Weirdness & Mutations

You are small and have problems with some larger weapons.
You are somewhat resistant to further mutation.


Message History

Deactivating autopickup; reactivate with Ctrl-A.
The bolt of negative energy hits you!
You feel drained.
Ouch! That really hurt!
You hear a shout!
You slash the bag of meat!
You cleave the bag of meat in twain.
You kill the bag of meat!
Makhleb accepts your kill.
You feel a little better.
Your life force feels restored.
You are engulfed in roaring flames.
You feel something staring at you. The bolt of fire misses you.
You hear a shout! x2
The accursed casts a spell at you. Something smites you!
You hear a shout!
The Servant hits you from afar with a +9 glaive of flaming!!!!
* * * LOW HITPOINT WARNING * * *
The Servant burns you!!
You die...

##.....## ...........
#..........#.
.#...%.........
...#.%....%......
.....#............
......O.)§.§.§.....
#......))@§M§§...{..
.#...)§§§.#@§o....#
.....#.@L2.#O...o..#
.#....§O###O%..CD.###.
.......)@)%)))###.W.....
.....#M.)).))o_).M%.§..
...#.W.....#)))..#.....
#......X...#_)<)_# .
..#.W.....#.))%.#
...#........_.....


You could see 2 accurseds, The Servant, an eight-headed meat hydra, a large bag
of meat (inner flame), a dread, 3 meat berserkers and 3 bags of meat.

Vanquished Creatures
  2 greater mummies (D)
  11 hell beasts (D)
  6 hill giants (D)
  2 liches (D)
  21 ogres (D)
  56 orcs (D)
  A phantom (D)
  3 skeletal warriors (D)
  10 vampire knights (D)
  A wraith (D)
  4 tentacled monstrosities (D)
  11 large abominations (D)
  2 reapers (D)
  3 small abominations (D)
  6 crawling corpses (D)
139 creatures vanquished.

Vanquished Creatures (others)
  Sigmund (D)
  A hydra (D)
  An ogre (D)
  5 orcs (D)
  3 crawling corpses (D)
11 creatures vanquished.

Grand Total: 150 creatures vanquished

Notes
Turn   | Place    | Note
--------------------------------------------------------------
     0 | D        | Medar, the Halfling Gladiator, began the quest for the Orb.
     0 | D        | Reached XP level 1. HP: 14/14 MP: 1/1
     3 | D        | Noticed a bag of meat
     4 | D        | Noticed a meat berserker
     4 | D        | Became a worshipper of Makhleb the Destroyer
     5 | D        | Noticed a meat berserker
     5 | D        | Noticed a bag of meat
     6 | D        | Killed a meat berserker
     6 | D        | Reached skill level 23 in Axes
     6 | D        | Reached XP level 2. HP: 19/19 MP: 2/2
     6 | D        | Reached XP level 3. HP: 24/24 MP: 3/3
     6 | D        | Reached XP level 4. HP: 29/29 MP: 4/4
     6 | D        | Reached XP level 5. HP: 34/34 MP: 5/5
     6 | D        | Reached XP level 6. HP: 39/39 MP: 6/6
     6 | D        | Reached XP level 7. HP: 44/44 MP: 7/7
     6 | D        | Reached XP level 8. HP: 49/49 MP: 8/8
     6 | D        | Reached XP level 9. HP: 54/54 MP: 9/9
     6 | D        | Reached XP level 10. HP: 60/60 MP: 10/10
     6 | D        | Reached XP level 11. HP: 64/64 MP: 11/11
     7 | D        | Noticed a bag of meat
     7 | D        | Noticed a bag of meat
     8 | D        | Killed a meat berserker
     8 | D        | Acquired Makhleb's first power
     8 | D        | Reached XP level 12. HP: 70/70 MP: 12/12
     8 | D        | Reached XP level 13. HP: 74/74 MP: 13/13
    10 | D        | Noticed a bag of meat
    10 | D        | Killed a bag of meat
    12 | D        | Noticed a meat berserker
    13 | D        | Killed a bag of meat
    13 | D        | Acquired Makhleb's second power
    13 | D        | Reached skill level 10 in Fighting
    13 | D        | Reached XP level 14. HP: 79/99 MP: 14/14
    14 | D        | Noticed a bag of meat
    14 | D        | Killed a bag of meat
    14 | D        | Reached XP level 15. HP: 83/108 MP: 15/15
    15 | D        | Noticed a meat berserker
    16 | D        | Noticed a meat berserker
    16 | D        | Killed a meat berserker
    16 | D        | Acquired Makhleb's third power
    16 | D        | Reached skill level 15 in Armour
    16 | D        | Reached skill level 25 in Dodging
    16 | D        | Killed a bag of meat
    16 | D        | Reached skill level 26 in Dodging
    16 | D        | Killed a meat berserker
    16 | D        | Reached skill level 15 in Fighting
    16 | D        | Reached skill level 27 in Dodging
    16 | D        | Reached XP level 16. HP: 118/122 MP: 16/16
    17 | D        | Noticed a bag of meat
    17 | D        | Noticed a bag of meat
    18 | D        | Noticed a bag of meat
    18 | D        | Noticed a bag of meat
    18 | D        | Noticed a bag of meat
    19 | D        | Noticed a bag of meat
    19 | D        | Noticed a bag of meat
    19 | D        | Noticed a bag of meat
    20 | D        | Killed a bag of meat
    20 | D        | Acquired Makhleb's fourth power
    22 | D        | Noticed a bag of meat
    22 | D        | Noticed a large bag of meat
    23 | D        | Noticed a meat berserker
    23 | D        | Killed a bag of meat
    23 | D        | Killed a bag of meat
    23 | D        | Acquired Makhleb's fifth power
    23 | D        | Reached XP level 17. HP: 129/135 MP: 17/17
    23 | D        | Killed a bag of meat
    24 | D        | Noticed a bag of meat
    25 | D        | Noticed a large bag of meat
    25 | D        | Noticed a meat berserker
    25 | D        | Killed a bag of meat
    26 | D        | Noticed a bag of meat
    26 | D        | Noticed a bag of meat
    26 | D        | Noticed a destroyer
    26 | D        | Killed a large bag of meat
    26 | D        | Reached XP level 18. HP: 146/149 MP: 18/18
    27 | D        | Noticed a bag of meat
    28 | D        | Killed a destroyer
    28 | D        | Reached skill level 27 in Axes
    28 | D        | Killed a bag of meat
    28 | D        | Killed a bag of meat
    28 | D        | Reached skill level 27 in Armour
    28 | D        | Killed a meat berserker
    28 | D        | Reached XP level 19. HP: 162/167 MP: 18/18
    30 | D        | Killed a meat berserker
    30 | D        | Reached skill level 27 in Fighting
    30 | D        | Killed a bag of meat
    31 | D        | Noticed a bag of meat
    32 | D        | Killed a bag of meat
    32 | D        | Killed a large bag of meat
    33 | D        | Noticed a meat berserker
    33 | D        | Noticed a bag of meat
    33 | D        | Killed a meat berserker
    33 | D        | Reached XP level 20. HP: 156/177 MP: 18/41
    33 | D        | Killed a bag of meat
    33 | D        | Reached skill level 27 in Invocations
    33 | D        | Killed a bag of meat
    33 | D        | Killed a bag of meat
    34 | D        | Killed a bag of meat
    35 | D        | Noticed a bag of meat
    35 | D        | Noticed a bag of meat
    35 | D        | Noticed a destroyer
    35 | D        | Noticed a bag of meat
    35 | D        | Noticed a bag of meat
    35 | D        | Noticed a bag of meat
    35 | D        | Noticed a bag of meat
    35 | D        | Noticed a bag of meat
    35 | D        | Noticed a destroyer
    36 | D        | Noticed a destroyer
    36 | D        | Noticed a meat berserker
    37 | D        | Noticed a sculptor of flesh
    37 | D        | Noticed a large bag of meat
    37 | D        | Noticed a bag of meat
    37 | D        | Noticed a bag of meat
    37 | D        | Noticed a bag of meat
    37 | D        | Killed a bag of meat
    37 | D        | Killed a bag of meat
    37 | D        | Reached skill level 27 in Stealth
    37 | D        | Reached XP level 21. HP: 183/183 MP: 19/42
    38 | D        | Noticed a bag of meat
    38 | D        | Killed a bag of meat
    39 | D        | Killed a bag of meat
    39 | D        | Killed a meat berserker
    39 | D        | Reached skill level 27 in Throwing
    39 | D        | Reached skill level 5 in Unarmed Combat
    39 | D        | Reached skill level 5 in Spellcasting
    40 | D        | Noticed a destroyer
    40 | D        | Killed a meat berserker
    40 | D        | Killed a bag of meat
    40 | D        | Reached XP level 22. HP: 190/190 MP: 20/42
    41 | D        | Noticed a bag of meat
    41 | D        | Killed a destroyer
    41 | D        | Killed a bag of meat
    41 | D        | Reached skill level 15 in Unarmed Combat
    42 | D        | Noticed a sculptor of flesh
    42 | D        | Noticed a meat berserker
    42 | D        | Killed a sculptor of flesh
    43 | D        | Noticed a bag of meat
    43 | D        | Noticed a bag of meat
    43 | D        | Noticed a sculptor of flesh
    43 | D        | Killed a bag of meat
    44 | D        | Noticed a bag of meat
    44 | D        | Noticed a destroyer
    44 | D        | Killed a destroyer
    44 | D        | Killed a bag of meat
    45 | D        | Killed a bag of meat
    45 | D        | Reached XP level 23. HP: 197/197 MP: 21/44
    46 | D        | Noticed a bag of meat
    46 | D        | Noticed a bag of meat
    46 | D        | Noticed a bag of meat
    46 | D        | Killed a bag of meat
    47 | D        | Killed a destroyer
    47 | D        | Killed a bag of meat
    48 | D        | Killed a meat berserker
    48 | D        | Killed a bag of meat
    48 | D        | Killed a bag of meat
    49 | D        | Noticed a bag of meat
    49 | D        | Noticed a bag of meat
    49 | D        | Killed a large bag of meat
    49 | D        | Reached XP level 24. HP: 204/204 MP: 21/47
    49 | D        | Killed a bag of meat
    49 | D        | Reached skill level 27 in Unarmed Combat
    50 | D        | Noticed The Servant
    51 | D        | Killed a bag of meat
    51 | D        | Reached skill level 27 in Spellcasting
    52 | D        | Noticed an accursed
    52 | D        | Noticed a destroyer
    52 | D        | Killed a bag of meat
    52 | D        | Killed a destroyer
    53 | D        | Noticed an accursed
    53 | D        | Killed a bag of meat
    54 | D        | Noticed a tyrant
    54 | D        | Noticed a meat berserker
    54 | D        | Killed a sculptor of flesh
    55 | D        | Killed a destroyer
    55 | D        | Reached XP level 25. HP: 210/210 MP: 23/49
    56 | D        | Noticed a meat berserker
    56 | D        | Noticed a destroyer
    56 | D        | Killed a sculptor of flesh
    56 | D        | Killed a bag of meat
    57 | D        | Noticed a destroyer
    57 | D        | Noticed a bag of meat
    58 | D        | Noticed a bag of meat
    58 | D        | Killed a bag of meat
    58 | D        | Killed a bag of meat
    59 | D        | Noticed a destroyer
    60 | D        | Noticed a bag of meat
    60 | D        | Killed an accursed
    60 | D        | Killed a meat berserker
    60 | D        | Killed a bag of meat
    62 | D        | Noticed a meat beast
    62 | D        | Noticed a bag of meat
    63 | D        | Noticed a bag of meat
    63 | D        | Noticed an eight-headed meat hydra
    63 | D        | Killed a destroyer
    63 | D        | Reached XP level 26. HP: 86/217 MP: 25/49
    64 | D        | Killed a meat berserker
    65 | D        | Noticed The Captor
    65 | D        | Killed a bag of meat
    65 | D        | Noticed a bag of meat
    66 | D        | Noticed a meat berserker
    66 | D        | Killed a meat beast
    67 | D        | Noticed a meat berserker
    67 | D        | Noticed a dread
    67 | D        | Noticed a large bag of meat
    67 | D        | Noticed a bag of meat
    67 | D        | Noticed a bag of meat
    67 | D        | Noticed a meat berserker
    67 | D        | Noticed a tyrant
    67 | D        | Noticed a meat beast
    67 | D        | HP: 10/217 [accursed/divine providence (11)]
    67 | D        | Noticed a bag of meat
    68 | D        | Killed a destroyer
    68 | D        | Killed a bag of meat
    69 | D        | Noticed a bag of meat
    70 | D        | Noticed a bag of meat
    70 | D        | Killed a meat berserker
    70 | D        | Killed a bag of meat
    70 | D        | Killed a bag of meat
    70 | D        | Killed a bag of meat
    70 | D        | Killed a tyrant
    70 | D        | Noticed a bag of meat
    71 | D        | Noticed a meat beast
    71 | D        | Killed a destroyer
    71 | D        | Killed a meat beast
    71 | D        | Noticed a bag of meat
    72 | D        | Noticed a meat berserker
    73 | D        | Killed a meat berserker
    73 | D        | Killed a bag of meat
    73 | D        | Killed a large bag of meat
    73 | D        | Killed a bag of meat
    73 | D        | Killed a bag of meat
    73 | D        | Killed a bag of meat
    74 | D        | Noticed a meat beast
    74 | D        | Killed a destroyer
    74 | D        | Reached XP level 27. HP: 173/224 MP: 28/49
    76 | D        | Killed a bag of meat
    76 | D        | Noticed a meat beast
    77 | D        | Noticed a bag of meat
    77 | D        | Noticed a meat berserker
    77 | D        | Killed a meat beast
    78 | D        | Killed a meat beast
    79 | D        | Noticed a bag of meat
    79 | D        | Noticed a large bag of meat
    80 | D        | Noticed a bag of meat
    80 | D        | Noticed a meat berserker
    80 | D        | Noticed a meat berserker
    81 | D        | Noticed a bag of meat
    81 | D        | Killed a meat berserker
    81 | D        | Killed a meat beast
    81 | D        | Killed a bag of meat
    81 | D        | Killed a bag of meat
    82 | D        | Noticed a bag of meat
    82 | D        | Killed a meat berserker
    83 | D        | Noticed a meat berserker
    83 | D        | Noticed a meat beast
    84 | D        | Noticed a meat beast
    84 | D        | Killed a meat berserker
    85 | D        | Noticed a bag of meat
    85 | D        | Noticed a meat berserker
    85 | D        | Killed a meat berserker
    85 | D        | Killed a bag of meat
    86 | D        | Noticed a bag of meat
    86 | D        | Noticed a bag of meat
    86 | D        | Killed a meat berserker
    86 | D        | Killed a wretched soul
    87 | D        | Noticed a bag of meat
    87 | D        | Noticed a meat beast
    87 | D        | Noticed a meat berserker
    87 | D        | Noticed a large bag of meat
    87 | D        | Killed a bag of meat
    88 | D        | Noticed a bag of meat
    88 | D        | Noticed an accursed
    88 | D        | Noticed a meat berserker
    88 | D        | Killed a tyrant
    88 | D        | Killed a bag of meat
    89 | D        | Noticed a meat beast
    89 | D        | Killed a large bag of meat
    89 | D        | Killed The Captor
    89 | D        | Killed a bag of meat
    89 | D        | Killed an eight-headed meat hydra
    89 | D        | Killed a meat beast
    90 | D        | Noticed a bag of meat
    90 | D        | Noticed a meat beast
    91 | D        | Killed a meat berserker
    91 | D        | Killed a bag of meat
    91 | D        | Killed a bag of meat
    91 | D        | Killed a meat beast
    92 | D        | Noticed a bag of meat
    92 | D        | Noticed an eight-headed meat hydra
    92 | D        | Noticed a meat beast
    92 | D        | Killed an accursed
    92 | D        | Killed a meat berserker
    92 | D        | Killed a meat beast
    92 | D        | Noticed a bag of meat
    93 | D        | Killed a bag of meat
    94 | D        | Noticed a large bag of meat
    94 | D        | Killed a meat berserker
    94 | D        | Killed a bag of meat
    94 | D        | Killed a bag of meat
    95 | D        | Noticed a meat berserker
    95 | D        | Killed a meat beast
    95 | D        | Killed a large bag of meat
    95 | D        | Killed a meat beast
    95 | D        | Killed a dread
    96 | D        | Noticed an accursed
    96 | D        | Noticed a meat berserker
    96 | D        | Noticed a meat berserker
    96 | D        | Noticed a dread
    96 | D        | Killed a meat beast
    96 | D        | Killed a bag of meat
    97 | D        | Killed a bag of meat
    97 | D        | Slain by The Servant

Action                   |  1- 3 |  4- 6 |  7- 9 | 10-12 | 13-15 | 16-18 | 19-21 | 22-24 | 25-27 || total
-------------------------+-------+-------+-------+-------+-------+-------+-------+-------+-------++-------
Melee: Broad axe         |     1 |       |       |     1 |     4 |     5 |     8 |    14 |    30 ||    63
 Stab: Distracted        |       |       |       |       |       |       |       |     1 |       ||     1
